 Dungeon Crawl Stone Soup version 0.29-a0-668-g12ee2bf84d (webtiles) character file.

Game seed: 3958152212685743974

408 Vylera the Magician (level 7, -3/47 HPs)
             Began as a Djinni Wanderer on June 23, 2022.
             Was an Elder of Ignis.
             Slain by Pikel
             ... wielding a +0 whip of flaming
              (5 damage)
             ... on level 4 of the Dungeon.
             The game lasted 00:10:57 (3867 turns).

Vylera the Magician (Djinni Wanderer)               Turns: 3867, Time: 00:10:58

Health: -3/47      AC:  4    Str:  8    XL:     7   Next: 13%
Gold:   118        EV: 11    Int: 16    God:    Ignis [****..] SH:  0 Dex: 15

rFire   + + +      SeeInvis +   k - +2 short sword (elec)
rCold   x . .      Faith    .   (no shield)
rNeg    . . .      Spirit   .   d - +0 robe
rPois   ∞          Reflect  .   l - +0 helmet
rElec   .          Harm     .   (no cloak)
rCorr   .          Rampage  .   b - +0 pair of gloves
Will    .....                   (boots unavailable)
Stlth   ++........              (no amulet)
HPRegen 0.15/turn               e - ring of see invisible
MPRegen 0.00/turn               (no ring)

@: wereblooded, flying
A: sickness immunity, fire resistance 2, cold vulnerability 1, float, innate
caster, HP casting, extra vitality 1
a: Renounce Religion, Fiery Armour, Foxfire Swarm, Rising Flame


You were on level 4 of the Dungeon.
You worshipped Ignis.
Ignis was greatly pleased with you.
You visited 1 branch of the dungeon, and saw 4 of its levels.

You collected 198 gold pieces.
You spent 80 gold pieces at shops.

Inventory:

Hand Weapons
 a - a +2 short sword
 k - a +2 short sword of electrocution (weapon)
Missiles
 o - 12 poisoned darts
 w - 4 atropa-tipped darts
Armour
 b - a +0 pair of gloves (worn)
 d - a +0 robe (worn)
 l - a +0 helmet (worn)
Jewellery
 e - a ring of see invisible (left hand)
Wands
 y - a wand of paralysis (8)
Scrolls
 c - 2 scrolls of fog
 g - 4 scrolls of vulnerability {unknown}
 i - a scroll of enchant armour {unknown}
 j - 6 scrolls of teleportation {unknown}
 p - a scroll of identify {unknown}
 q - 2 scrolls of amnesia {unknown}
 v - a scroll of noise {unknown}
 z - a scroll of blinking {unknown}
Potions
 f - 3 potions of attraction {unknown}
 h - 2 potions of brilliance {unknown}
 m - a potion of degeneration {unknown}
 n - a potion of ambrosia {unknown}
 r - 2 potions of berserk rage {unknown}
 s - a potion of heal wounds
 t - 2 potions of curing
 u - a potion of lignification {unknown}
 x - a potion of haste {unknown}
 A - a potion of mutation {unknown}
 B - a potion of magic {unknown}


   Skills:
 - Level 1.0 Fighting
 + Level 4.4 Short Blades
 - Level 1.0 Armour
 - Level 1.5 Stealth
 * Level 4.5 Spellcasting
 - Level 1.0 Invocations


You had 6 spell levels left.
You knew the following spells:

 Your Spells              Type           Power      Damage    Failure   Level
a - Passwall              Tmut/Erth      15%        N/A       3%          2
b - Wereblood             Tmut           18%        N/A       3%          2
c - Summon Small Mammal   Summ           72%        N/A       2%          1
d - Searing Ray           Conj           36%        2d5       3%          2
e - Blink                 Tloc           36%        N/A       3%          2

Your spell library contained the following spells:

 Spells                   Type           Power      Damage    Failure   Level


Dungeon Overview and Level Annotations

Branches:
Dungeon (4/15)
 Temple: D:4-7

Altars:
Okawaru
Sif Muna
Ignis

Shops:
D:3 !   D:4 *

Annotations:
D:4 Pikel


Innate Abilities, Weirdness & Mutations

You are immune to sickness and miasma.
You are immune to poison.
Your flesh is very heat resistant. (rF++)
You are vulnerable to cold. (rC-)
You float through the air rather than walking.
You learn spells naturally, not from books.
Your magical power is your life essence.
You have superior vitality. (+4 MHP)


Message History

A lemure comes into view.
Pikel, Merchant of Souls comes into view.
He is wielding a +0 whip of flaming.
Pikel shouts!
The lemure shouts!
You hear a shout! x2
A lemure comes into view.
Found a dagger.
A lemure comes into view. x2
Casting: Searing Ray (safe; 3% risk of failure)
Confirm with . or Enter, or press ? or * to list all spells.
Your blood is infused with primal strength.
Casting: Wereblood (safe; 3% risk of failure)
Confirm with . or Enter, or press ? or * to list all spells.
Your blood is freshly infused with primal strength!
Casting: Wereblood (safe; 3% risk of failure)
Confirm with . or Enter, or press ? or * to list all spells.
You hit Pikel but do no damage. Your bat hits Pikel but does no damage.
Pikel hits you with a +0 whip of flaming!
Unknown command.
You hit Pikel but do no damage. Your bat hits Pikel but does no damage.
Pikel hits you with a +0 whip of flaming.
Unknown command.
Casting: Summon Small Mammal (safe; 2% risk of failure)
Confirm with . or Enter, or press ? or * to list all spells.
Okay, then.
Pikel attacks as you move away!
Pikel hits you with a +0 whip of flaming!
Pikel burns you.
Your bat hits the lemure but does no damage.
Pikel hits you with a +0 whip of flaming!
* * * LOW HITPOINT WARNING * * *
The lemure closely misses you.
Your bat closely misses the lemure.
Pikel attacks as you move away!
Pikel hits you with a +0 whip of flaming!
* * * LOW HITPOINT WARNING * * *
Your bat closely misses Pikel.
Unknown command.
Activating: Foxfire Swarm
Press: ? - help, Dir - look around, f - activate Flames leap up around you!
Your bat hits Pikel but does no damage.
Pikel hits you with a +0 whip of flaming.
You die...

#.............#.##...
#...............#.....
.>..............#.##.##
#.................#...#.
#......#######..........
#.###..#∩.∩.∩#......_. .
#.#.......vvvvv...
#......⌠...vvvv#..
.....##.......vv@v##.##
..... ##∩.∩.∩#vKvvv.....
#.... #######5#.vv.....
##....## ##55###b....#.
#.##.... #..5.#........
##....##.5b.........
#...................
.55.K##.#...<......# ...
.......##....


You could see Pikel (ally target), 4 lemures and a friendly bat (summoned).

Vanquished Creatures
  An ogre (D:4)
  2 necrophages (D:4)
  An orc priest (D:4)
  Jessica (D:3)
  An orc wizard (D:3)
  4 adders
  A worm (D:3)
  2 dart slugs (D:2)
  7 orcs
  4 ball pythons
  5 endoplasms
  4 giant cockroaches
  11 goblins
  5 hobgoblins
  2 jackals (D:3)
  8 kobolds
  3 quokkas
  7 bats
  9 rats
78 creatures vanquished.

Vanquished Creatures (others)
  12 foxfires (D:4)
12 creatures vanquished.

Grand Total: 90 creatures vanquished

Notes
Turn   | Place    | Note
-------+----------+-------------------------------------------
     0 | D:1      | Vylera the Djinni Wanderer began the quest for the Orb.
     0 | D:1      | Vylera set off with the following items: a +2 short sword,
                  | a +0 pair of gloves, a scroll of fog, a +0 robethe
                  | following spells memorised: Passwall, Wereblood.
     0 | D:1      | Reached XP level 1. HP: 17/17 MP: 0/0
   374 | D:1      | Found a faded altar of an unknown god.
   383 | D:1      | Reached XP level 2. HP: 22/22 MP: 0/0
   385 | D:1      | Prayed at the altar of an unknown god.
   385 | D:1      | Became a worshipper of Ignis, the Dying Flame
   817 | D:1      | Reached XP level 3. HP: 20/27 MP: 0/0
   817 | D:1      | Learned a level 1 spell: Summon Small Mammal
  1771 | D:2      | Reached XP level 4. HP: 25/32 MP: 0/0
  2517 | D:3      | Noticed Jessica
  2527 | D:3      | Killed Jessica
  2528 | D:3      | Reached XP level 5. HP: 17/37 MP: 0/0
  2528 | D:3      | Learned a level 2 spell: Searing Ray
  2812 | D:3      | Found Vometet's Distillery.
  2822 | D:3      | Bought a potion of heal wounds for 50 gold pieces
  2822 | D:3      | Bought a potion of curing for 30 gold pieces
  3309 | D:4      | Reached XP level 6. HP: 27/42 MP: 0/0
  3522 | D:4      | Noticed an ogre
  3533 | D:4      | Killed an ogre
  3763 | D:4      | Reached XP level 7. HP: 36/47 MP: 0/0
  3763 | D:4      | Learned a level 2 spell: Blink
  3840 | D:4      | Found Qaqiapuf's CLEARANCE SALE!.
  3846 | D:4      | Found an iron altar of Okawaru.
  3853 | D:4      | Noticed Pikel
  3866 | D:4      | HP: 2/47 [Pikel/+0 whip of flaming (7)]
  3867 | D:4      | Slain by Pikel

Illustrated notes

Levels and vault maps discovered:
D:1:      nzn_arrival_settlement, layout_basic,
          ebering_ecumenical_altar_abandoned, minmay_hexomino_f4
D:2:      layout_basic, grunt_ministairs_14, minmay_tiny_reverse_x
D:3:      minmay_wonky_spiral, layout_basic, mainiacjoe_overflow_chevrons,
          serial_shops, nicolae_shop_trees, minivault_19, hex_large,
          uniq_jessica
D:4:      layout_cave_pools, okawaru_gym_becter,
          minmay_temple_entry_antechambers, nicolae_shop_clearance, uniq_pikel

Skill      XL: |  1  2  3  4  5  6 |
---------------+-------------------+-----
Spellcasting   | 2 3 4 |  4.5
Short Blades   | 3 4 |  4.4
Fighting       | |  1.0
Armour         | |  1.0
Stealth        | |  1.5
Invocations    | |  1.0

Action                   |  1- 3 |  4- 6 |  7- 9 || total
-------------------------+-------+-------+-------++-------
Melee: Short sword       |    97 |   104 |     2 ||   203
 Cast: Wereblood         |     5 |    12 |     2 ||    19
       Summon Small Mamm |     1 |     1 |     1 ||     3
       Searing Ray       |       |     7 |       ||     7
Invok: Foxfire Swarm     |       |     1 |     1 ||     2
 Stab: Sleeping          |       |     3 |       ||     3
Armor: Robe              |    25 |    33 |       ||    58
Dodge: Dodged            |    44 |    70 |     1 ||   115

Table legend: (Time is in decaauts)
 A = Elapsed time spent in this place.
 B = Non-inter-level travel time spent in this place.
 C = Inter-level travel time spent in this place.
 D = Time resting spent in this place.
 E = Time spent auto-exploring this place.
 F = Levels seen in this place.
 G = Mean time per level.
                   A        B        C        D        E       F      G
               +--------+--------+--------+--------+--------+-----+--------+
         Total |   3853 |   3776 |     77 |    239 |   2943 |   4 |  963.2 |
       Dungeon |   3853 |   3776 |     77 |    239 |   2943 |   4 |  963.2 |
               +--------+--------+--------+--------+--------+-----+--------+

Top non-repeatable levels by time:
     D:1: 1247 daAuts
     D:2: 1040 daAuts
     D:3: 974 daAuts
     D:4: 590 daAuts
